AA
NEWARK KNIGHTS @ FORT LEE GENERALS
04/22/2065
 
TOP OF THE 1ST
Newark Knights batting - Pitching for Fort Lee Generals : RHP Dwight Cameron
Pitching: RHP Dwight Cameron
Batting: RHB Landon Bolin 0-0: Ball
1-0: Ball
2-0: Ground out 4-3 (Groundball, 4, EV 80.6 MPH)
Batting: RHB Nickolas Kennedy 0-0: Ball
1-0: Fly out, F9 (Line Drive, 9S, EV 90.0 MPH)
Batting: LHB Grant Lucien 0-0: Ground out 5-3 (Groundball, 5, EV 92.5 MPH)
Top of the 1st over - 0 runs, 0 hits, 0 errors, 0 left on base; Newark 0 - Fort Lee 0
BOTTOM OF THE 1ST
Fort Lee Generals batting - Pitching for Newark Knights : RHP Cory Burney
Pitching: RHP Cory Burney
Batting: SHB Nathaniel Hirsch 0-0: Called Strike
0-1: Foul Ball, location: 5SF
0-2: Ball
1-2: Foul Ball, location: 7LSF
1-2: Ball
2-2: Ball
3-2: SINGLE (Groundball, 34D, EV 108.1 MPH)
Batting: RHB Keith Cox 0-0: Called Strike
0-1: Fly out, F8 (Flyball, 8RM, EV 98.1 MPH)
Batting: RHB Aron Williams 0-0: Ball
1-0: Grounds into double play, 6-4-3 (Groundball, 6, EV 76.3 MPH)
Bottom of the 1st over - 0 runs, 1 hit, 0 errors, 0 left on base; Newark 0 - Fort Lee 0
TOP OF THE 2ND
Newark Knights batting - Pitching for Fort Lee Generals : RHP Dwight Cameron
Batting: RHB Kyle Leonard 0-0: Ball
1-0: Called Strike
1-1: Called Strike
1-2: Foul Ball, location: 9LMF
1-2: Ground out 6-3 (Groundball, 6, EV 100.0 MPH)
Batting: LHB Bubba Castaneda 0-0: Ball
1-0: Ball
2-0: Foul Ball, location: 9LMF
2-1: Called Strike
2-2: Ground out 1-3 (Groundball, 34S, EV 67.5 MPH)
Batting: RHB Morrison Suttle 0-0: Ground out 5-3 (Groundball, 56S, EV 71.9 MPH)
Top of the 2nd over - 0 runs, 0 hits, 0 errors, 0 left on base; Newark 0 - Fort Lee 0
BOTTOM OF THE 2ND
Fort Lee Generals batting - Pitching for Newark Knights : RHP Cory Burney
Batting: LHB Damian Neimeyer 0-0: Foul Ball, location: 2F
0-1: Ball
1-1: Foul Ball, location: 23F
1-2: Ball
2-2: Ball
3-2: Fly out, F7 (Flyball, 78M, EV 93.8 MPH)
Batting: RHB Dillan Keogan 0-0: Ball
1-0: Foul Ball, location: 9LDF
1-1: Ball
2-1: Swinging Strike
2-2: Foul Ball, location: 3DF
2-2: Foul Ball, location: 2F
2-2: Ball
3-2: SINGLE (Groundball, 4MD, EV 101.9 MPH)
Batting: LHB James Brown 0-0: Called Strike
0-1: Called Strike
0-2: Strikes out swinging
Batting: RHB Javarez Corley 0-0: Called Strike
0-1: Foul Ball, location: 5DF
0-2: Foul Ball, location: 3DF
0-2: Ball
1-2: Strikes out swinging
Bottom of the 2nd over - 0 runs, 1 hit, 0 errors, 1 left on base; Newark 0 - Fort Lee 0
TOP OF THE 3RD
Newark Knights batting - Pitching for Fort Lee Generals : RHP Dwight Cameron
Batting: RHB Devan Oakley 0-0: Foul Ball, location: 3SF
0-1: Ground out 6-3 (Groundball, 6, EV 107.5 MPH)
Batting: RHB Jim Hamling 0-0: Ball
1-0: Foul Ball, location: 3F
1-1: Ground out 6-3 (Groundball, 56, EV 82.5 MPH)
Batting: LHB Brett Ailes 0-0: Ball
1-0: DOUBLE (Groundball, 3L, EV 109.4 MPH) - OUT at third base trying to stretch hit.
Top of the 3rd over - 0 runs, 1 hit, 0 errors, 0 left on base; Newark 0 - Fort Lee 0
BOTTOM OF THE 3RD
Fort Lee Generals batting - Pitching for Newark Knights : RHP Cory Burney
Batting: LHB Justin Castiglioni 0-0: Foul Ball, location: 2F
0-1: Ball
1-1: Called Strike
1-2: Ball
2-2: Ball
3-2: Foul Ball, location: 5SF
3-2: Foul Ball, location: 9LSF
3-2: Base on Balls
Batting: LHB Sam McCarroll 0-0: Ball
1-0: Called Strike
Justin Castiglioni steals 2nd base
1-1: Bunted foul
1-2: SINGLE (Groundball, 4MD, EV 94.4 MPH)
Justin Castiglioni to third
Runner from 3rd tries for Home, SAFE, throw by CF to home
Batting: SHB Nathaniel Hirsch 0-0: Ball
Sam McCarroll steals 2nd base
1-0: Ball
2-0: Fly out, F8 (Line Drive, 8LM, EV 92.5 MPH)
Batting: RHB Keith Cox 0-0: Called Strike
0-1: Ball
1-1: Ground out 5-3 (Groundball, 56D, EV 95.6 MPH)
Batting: RHB Aron Williams 0-0: Called Strike
0-1: Ground out 6-3 (Groundball, 6, EV 85.0 MPH)
Bottom of the 3rd over - 1 run, 1 hit, 0 errors, 1 left on base; Newark 0 - Fort Lee 1
TOP OF THE 4TH
Newark Knights batting - Pitching for Fort Lee Generals : RHP Dwight Cameron
Batting: RHB Landon Bolin 0-0: Ball
1-0: Foul Ball, location: 2F
1-1: Ball
2-1: Foul Ball, location: 9LDF
2-2: Strikes out swinging
Batting: RHB Nickolas Kennedy 0-0: Called Strike
0-1: Ball
1-1: Ground out U3 (Groundball, 34, EV 83.1 MPH)
Batting: LHB Grant Lucien 0-0: Ball
1-0: Called Strike
1-1: Called Strike
1-2: Fly out, F8 (Flyball, 8LXD, EV 106.9 MPH)
Top of the 4th over - 0 runs, 0 hits, 0 errors, 0 left on base; Newark 0 - Fort Lee 1
BOTTOM OF THE 4TH
Fort Lee Generals batting - Pitching for Newark Knights : RHP Cory Burney
Batting: LHB Damian Neimeyer 0-0: Ball
1-0: Called Strike
1-1: Ball
2-1: Ground out 3-1 (Groundball, 34S, EV 78.1 MPH)
Batting: RHB Dillan Keogan 0-0: Swinging Strike
0-1: Ball
1-1: Ball
2-1: Ground out 6-3 (Groundball, 6, EV 82.5 MPH)
Batting: LHB James Brown 0-0: Called Strike
0-1: Ball
1-1: Swinging Strike
1-2: Ball
2-2: Strikes out swinging
Bottom of the 4th over - 0 runs, 0 hits, 0 errors, 0 left on base; Newark 0 - Fort Lee 1
TOP OF THE 5TH
Newark Knights batting - Pitching for Fort Lee Generals : RHP Dwight Cameron
Batting: RHB Kyle Leonard 0-0: Ball
1-0: Foul Ball, location: 2F
1-1: Ball
2-1: Fly out, F8 (Line Drive, 8RD, EV 96.9 MPH)
Batting: LHB Bubba Castaneda 0-0: Ball
1-0: Ball
2-0: Called Strike
2-1: Called Strike
2-2: Ball
3-2: Base on Balls
Batting: RHB Morrison Suttle 0-0: Ball
Wild Pitch!
Bubba Castaneda to second
1-0: Called Strike
1-1: Ball
Bubba Castaneda steals 3rd base
2-1: Foul Ball, location: 2F
2-2: Ball
3-2: Ground out 1-3 (Groundball, 13, EV 69.4 MPH)
Batting: RHB Devan Oakley 0-0: 2-RUN HOME RUN (Flyball, 9D, EV 94.4 MPH), Distance : 361 ft
Batting: RHB Jim Hamling 0-0: Ground out 6-3 (Groundball, 6, EV 101.9 MPH)
Top of the 5th over - 2 runs, 1 hit, 0 errors, 0 left on base; Newark 2 - Fort Lee 1
BOTTOM OF THE 5TH
Fort Lee Generals batting - Pitching for Newark Knights : RHP Cory Burney
Batting: RHB Javarez Corley 0-0: Ball
1-0: Foul Ball, location: 7LSF
1-1: Ball
2-1: Fly out, F7 (Line Drive, 78M, EV 88.8 MPH)
Batting: LHB Justin Castiglioni 0-0: Called Strike
0-1: Ball
1-1: Called Strike
1-2: Fly out, F8 (Line Drive, 8RM, EV 102.5 MPH)
Batting: LHB Sam McCarroll 0-0: Ball
1-0: Ground out 6-3 (Groundball, 6MS, EV 62.5 MPH)
Bottom of the 5th over - 0 runs, 0 hits, 0 errors, 0 left on base; Newark 2 - Fort Lee 1
TOP OF THE 6TH
Newark Knights batting - Pitching for Fort Lee Generals : RHP Dwight Cameron
Batting: LHB Brett Ailes 0-0: Ball
1-0: Ball
2-0: Ball
3-0: Base on Balls
Batting: RHB Landon Bolin 0-0: Called Strike
0-1: Foul Ball, location: 5FF
0-2: Ball
1-2: Foul Ball, location: 2F
1-2: Ball
2-2: Ball
3-2: Strikes out swinging
Batting: RHB Nickolas Kennedy 0-0: Called Strike
0-1: SINGLE (Line Drive, 89M, EV 97.5 MPH)
Brett Ailes to second
Runner from 2nd tries for 3rd, OUT! 9-5
Nickolas Kennedy to second
Batting: LHB Grant Lucien 0-0: Called Strike
0-1: Ball
1-1: Foul Ball, location: 7LMF
1-2: Fly out, F8 (Flyball, 8RXD, EV 107.5 MPH)
Top of the 6th over - 0 runs, 1 hit, 0 errors, 1 left on base; Newark 2 - Fort Lee 1
BOTTOM OF THE 6TH
Fort Lee Generals batting - Pitching for Newark Knights : RHP Cory Burney
Batting: SHB Nathaniel Hirsch 0-0: Called Strike
0-1: Ball
1-1: Ball
2-1: Ball
3-1: Base on Balls
Batting: RHB Keith Cox 0-0: Ball
1-0: Called Strike
1-1: Fly out, F7 (Flyball, 7LM, EV 93.1 MPH)
Batting: RHB Aron Williams 0-0: Ball
1-0: Foul Ball, location: 23F
1-1: Ball
2-1: Ball
3-1: Fly out, F7 (Flyball, 7, EV 81.3 MPH)
Batting: LHB Damian Neimeyer 0-0: Ball
1-0: Ball
2-0: Ground out 4-3 (Groundball, 4, EV 83.1 MPH)
Bottom of the 6th over - 0 runs, 0 hits, 0 errors, 1 left on base; Newark 2 - Fort Lee 1
TOP OF THE 7TH
Newark Knights batting - Pitching for Fort Lee Generals : RHP Dwight Cameron
Batting: RHB Kyle Leonard 0-0: Ball
1-0: Ball
2-0: Ball
3-0: Base on Balls
Pitching: RHP Emery Whyte
Batting: LHB Bubba Castaneda 0-0: Called Strike
0-1: Ball
1-1: Swinging Strike
1-2: Fly out, F7 (Flyball, 78D, EV 105.6 MPH)
Batting: RHB Morrison Suttle 0-0: Foul Ball, location: 9LMF
0-1: Foul Ball, location: 7LDF
0-2: Ball
1-2: Foul Ball, location: 2F
1-2: Foul Ball, location: 5F
1-2: Strikes out looking
Batting: RHB Devan Oakley 0-0: Ball
Kyle Leonard steals 2nd base
1-0: Ball
2-0: Called Strike
2-1: Ball
3-1: Foul Ball, location: 5FF
3-2: Base on Balls
Batting: RHB Jim Hamling 0-0: Called Strike
0-1: Fly out, F5 (Line Drive, 56, EV 98.1 MPH)
Top of the 7th over - 0 runs, 0 hits, 0 errors, 2 left on base; Newark 2 - Fort Lee 1
BOTTOM OF THE 7TH
Fort Lee Generals batting - Pitching for Newark Knights : RHP Cory Burney
Batting: RHB Dillan Keogan 0-0: Called Strike
0-1: Swinging Strike
0-2: Ball
1-2: Foul Ball, location: 9LMF
1-2: Fly out, F8 (Flyball, 8RM, EV 88.1 MPH)
Pitching: LHP Joel Goodrich
Batting: LHB James Brown 0-0: Called Strike
0-1: Foul Ball, location: 2LF
0-2: Ball
1-2: Ball
2-2: Strikes out swinging
Batting: RHB Javarez Corley 0-0: Ball
1-0: Ball
2-0: Called Strike
2-1: Ball
3-1: Base on Balls
Pinch Hitting: RHB Mason Brooks 0-0: Ball
1-0: Ground out 4-3 (Groundball, 34, EV 100.0 MPH)
Bottom of the 7th over - 0 runs, 0 hits, 0 errors, 1 left on base; Newark 2 - Fort Lee 1
TOP OF THE 8TH
Newark Knights batting - Pitching for Fort Lee Generals : RHP Emery Whyte
Now in CF: Darrow Hall
Batting: LHB Brett Ailes 0-0: Ball
1-0: Ground out 4-3 (Groundball, 34D, EV 96.9 MPH)
Batting: RHB Landon Bolin 0-0: Called Strike
0-1: Called Strike
0-2: Ball
1-2: Strikes out swinging
Batting: RHB Nickolas Kennedy 0-0: Called Strike
0-1: Ball
1-1: Ball
2-1: SINGLE (Flyball, 78S, EV 93.8 MPH)
Batting: LHB Grant Lucien 0-0: Ball
Nickolas Kennedy steals 2nd base
1-0: Fly out, F5 (Popup, 56S, EV 68.1 MPH)
Top of the 8th over - 0 runs, 1 hit, 0 errors, 1 left on base; Newark 2 - Fort Lee 1
BOTTOM OF THE 8TH
Fort Lee Generals batting - Pitching for Newark Knights : LHP Joel Goodrich
Batting: LHB Sam McCarroll 0-0: Ball
1-0: Called Strike
1-1: Ground out 6-3 (Groundball, 6M, EV 79.4 MPH)
Batting: SHB Nathaniel Hirsch 0-0: SINGLE (Flyball, 5D, EV 96.3 MPH)
Batting: RHB Keith Cox 0-0: Foul Ball, location: 9LSF
0-1: Fly out, F8 (Line Drive, 8RM, EV 90.6 MPH)
Batting: RHB Aron Williams 0-0: Called Strike
0-1: Called Strike
0-2: Strikes out looking
Bottom of the 8th over - 0 runs, 1 hit, 0 errors, 1 left on base; Newark 2 - Fort Lee 1
TOP OF THE 9TH
Newark Knights batting - Pitching for Fort Lee Generals : RHP Emery Whyte
Batting: RHB Kyle Leonard 0-0: Ball
1-0: Called Strike
1-1: Ball
2-1: Foul Ball, location: 2LF
2-2: Ball
3-2: Foul Ball, location: 9LMF
3-2: Fly out, F9 (Flyball, 9LDF, EV 100.6 MPH)
Batting: LHB Bubba Castaneda 0-0: Ball
1-0: Foul Ball, location: 2F
1-1: Swinging Strike
1-2: Strikes out looking
Batting: RHB Morrison Suttle 0-0: Ball
1-0: Fly out, F4 (Popup, 4M, EV 76.3 MPH)
Top of the 9th over - 0 runs, 0 hits, 0 errors, 0 left on base; Newark 2 - Fort Lee 1
BOTTOM OF THE 9TH
Fort Lee Generals batting - Pitching for Newark Knights : LHP Joel Goodrich
Pitching: RHP Reid Dwyer
Now at 1B: Jakob Montoya
Batting: LHB Damian Neimeyer 0-0: Swinging Strike
0-1: Ball
1-1: Called Strike
1-2: Ball
2-2: Ball
3-2: Strikes out looking
Batting: RHB Dillan Keogan 0-0: Ground out 6-3 (Groundball, 6M, EV 86.9 MPH)
Batting: LHB James Brown 0-0: Called Strike
0-1: Foul Ball, location: 3F
0-2: Ball
1-2: Ball
2-2: Ball
3-2: Foul Ball, location: 3F
3-2: SINGLE (Groundball, 34D, EV 95.6 MPH)
Batting: RHB Javarez Corley 0-0: Ball
1-0: Foul Ball, location: 2F
1-1: Swinging Strike
1-2: Foul Ball, location: 9LDF
1-2: Foul Ball, location: 9LDF
1-2: Fly out, F7 (Flyball, 7, EV 95.6 MPH)
Bottom of the 9th over - 0 runs, 1 hit, 0 errors, 1 left on base; Newark 2 - Fort Lee 1
Wednesday, March 12th , 2025 - OOTP Baseball 25.11 Build 103